 Dungeon Crawl Stone Soup version 0.28.0-53-g5a82cb258f (webtiles) character file.

Game seed: 11882989941166839260

922 Godmorgon the Cudgeller (level 7, -2/63 HPs)
             Began as a Minotaur Fighter on Aug 14, 2022.
             Succumbed to a scorpion's poison
             ... on level 6 of the Dungeon.
             The game lasted 00:10:11 (4582 turns).

Godmorgon the Cudgeller (Minotaur Fighter)          Turns: 4582, Time: 00:10:12

Health: -2/63      AC:  9    Str: 22    XL:     7   Next: 84%
Magic:  6/6        EV:  9    Int:  5    God:
Gold:   364        SH:  4    Dex: 10    Spells: 6/6 levels left

rFire   + . .      SeeInvis +   a - +0 flail
rCold   . . .      Faith    .   c - +0 buckler
rNeg    . . .      Spirit   .   b - +0 scale mail
rPois   .          Reflect  .   (helmet restricted)
rElec   .          Harm     .   (no cloak)
rCorr   .          Rampage  .   i - +1 pair of gloves
Will    .....                   (no boots)
Stlth   ..........              (no amulet)
HPRegen 0.20/turn               h - ring of protection from fire
MPRegen 0.10/turn               y - ring of see invisible

@: mighty, lethally poisoned (-2 -> -23)
A: horns 2, retaliatory headbutt
a: no special abilities


You were on level 6 of the Dungeon.
You visited 1 branch of the dungeon, and saw 6 of its levels.

You collected 364 gold pieces.

Inventory:

Hand Weapons
 a - a +0 flail (weapon)
 g - a +4 dagger of venom
Missiles
 s - 5 boomerangs
 u - 8 poisoned darts
Armour
 b - a +0 scale mail (worn)
 c - a +0 buckler (worn)
 i - a +1 pair of gloves (worn)
Jewellery
 h - a ring of protection from fire (left hand)
 y - a ring of see invisible (right hand)
Wands
 q - a wand of mindburst (9) (quivered)
Scrolls
 f - 2 scrolls of enchant armour {unknown}
 j - a scroll of blinking {unknown}
 k - 3 scrolls of identify {unknown}
 n - 3 scrolls of teleportation {unknown}
 p - 2 scrolls of fear {unknown}
 r - a scroll of vulnerability {unknown}
 t - a scroll of immolation {unknown}
 A - a scroll of torment {unknown}
Potions
 d - a potion of might
 e - a potion of curing {unknown}
 l - a potion of flight {unknown}
 m - a potion of attraction {unknown}
 o - 2 potions of degeneration {unknown}
 v - 2 potions of mutation {unknown}
 w - 2 potions of magic {unknown}
 x - 2 potions of berserk rage {unknown}
 z - a potion of lignification {unknown}


   Skills:
 + Level 6.0 Fighting
 * Level 7.3 Maces & Flails
 * Level 5.3 Throwing
 - Level 3.6 Armour
 - Level 3.6 Shields


You had 6 spell levels left.
You didn't know any spells.
Your spell library was empty.

Dungeon Overview and Level Annotations

Branches:
Dungeon (6/15)
 Temple: D:4-7

Altars:
Ashenzari
Gozag
Makhleb
Uskayaw

Shops:
D:5 (


Innate Abilities, Weirdness & Mutations

You have a pair of horns on your head.
You reflexively headbutt those who attack you in melee.


Message History

You feel very sick.
The scorpion stings you but does no damage.
The gnoll sergeant hits you with a +2 spear of venom.
You are more poisoned.
The scorpion stings you.
You barely miss the gnoll sergeant.
Your headbutt misses the gnoll sergeant.
The gnoll sergeant is severely wounded.
You feel extremely sick. You block the scorpion's attack.
The gnoll sergeant hits you but does no damage.
You are more poisoned.
You hit the gnoll sergeant.
Your headbutt misses the gnoll sergeant.
The gnoll sergeant is severely wounded.
You feel very sick. The scorpion stings you.
You are lethally poisoned!
The scorpion poisons you! The gnoll sergeant barely misses you.
You furiously retaliate!
You headbutt the gnoll sergeant, but do no damage.
The scorpion stings you.
Aiming: Mindburst
Press: ? - help, Q - select action, (/) - cycle Shift-Dir - straight line, f/p - gnoll sergeant
Aim: a gnoll sergeant, wielding a +2 spear of venom and wearing a +0 ring mail (severely wounded, chance to affect: 64%)
The gnoll sergeant's mind is blasted!
You blow up the gnoll sergeant!
* * * LOW HITPOINT WARNING * * *
You feel extremely sick. The scorpion stings you.
* * * LOW HITPOINT WARNING * * *
Your Fighting skill increases to level 6!
You feel very mighty all of a sudden.
* * * LOW HITPOINT WARNING * * *
You feel very sick. The scorpion closely misses you. You furiously retaliate!
You headbutt the scorpion. You sock the scorpion!
The scorpion is severely wounded.
You die...

.#### #..# ##...#
>.### ##.###........
....#
#..)....#..####
....###...#...#..###
....##...## ##.....
.....#..## ...#
.......## ##.####
..:.##.# ####..'..#
....##.## #.....@).#
........# #....s####
<......(.##..##..#
###...#..#...##..s(.
....#..#....#######
...#........####
...#.....#.....##
.....#.....##..#
....#...#.....#####


You could see a scorpion.

Vanquished Creatures
  Grinder (D:4)
  A sky beast (D:5)
  An ice beast (D:6)
  A necrophage (D:4)
  An ogre (D:6)
  A wyvern zombie (D:6)
  A gnoll sergeant (D:6)
  A bullfrog zombie (D:5)
  A hound (D:5)
  A bullfrog skeleton (D:4)
  A killer bee zombie (D:6)
  5 adders
  A gnoll (D:5)
  A white imp (D:5)
  An ufetubus (D:5)
  An adder skeleton (D:2)
  3 worms
  3 dart slugs
  6 orcs
  5 ball pythons
  3 bats
  5 endoplasms
  4 giant cockroaches
  4 goblins
  9 hobgoblins
  4 jackals (D:3)
  4 kobolds
  2 quokkas
  A frilled lizard (D:3)
  3 rats
76 creatures vanquished.

Vanquished Creatures (others)
  3 plants (D:5)
3 creatures vanquished.

Grand Total: 79 creatures vanquished

Notes
Turn   | Place    | Note
-------+----------+-------------------------------------------
     0 | D:1      | Godmorgon the Minotaur Fighter began the quest for the Orb.
     0 | D:1      | Reached XP level 1. HP: 19/19 MP: 0/0
    53 | D:1      | Found a faded altar of an unknown god.
    56 | D:1      | Reached skill level 3 in Maces & Flails
   205 | D:1      | Reached XP level 2. HP: 20/27 MP: 1/1
   702 | D:1      | Reached skill level 1 in Throwing
  1046 | D:2      | Reached XP level 3. HP: 33/33 MP: 2/2
  1465 | D:2      | Reached skill level 4 in Maces & Flails
  1465 | D:2      | Reached XP level 4. HP: 40/40 MP: 3/3
  1823 | D:3      | Found a broken altar of Ashenzari.
  1823 | D:3      | Found a burning altar of Makhleb.
  2072 | D:3      | Found an opulent altar of Gozag.
  2877 | D:4      | Noticed a necrophage
  2891 | D:4      | Killed a necrophage
  2892 | D:4      | Reached skill level 5 in Maces & Flails
  2892 | D:4      | Reached XP level 5. HP: 47/47 MP: 4/4
  3024 | D:4      | Noticed Grinder
  3029 | D:4      | Killed Grinder
  3030 | D:4      | Reached skill level 5 in Fighting
  3030 | D:4      | Reached XP level 6. HP: 56/56 MP: 5/5
  3406 | D:5      | Entered Level 5 of the Dungeon
  3419 | D:5      | Noticed a sky beast
  3422 | D:5      | Killed a sky beast
  3423 | D:5      | Reached skill level 6 in Maces & Flails
  3436 | D:5      | You fall into a shaft and drop 1 floor!
  3444 | D:6      | Reached XP level 7. HP: 61/61 MP: 6/6
  3689 | D:5      | Found a hide-covered altar of Uskayaw.
  3950 | D:5      | Found Vunla's Hydra Hut.
  3951 | D:5      | Noticed a five-headed hydra
  4390 | D:6      | Reached skill level 7 in Maces & Flails
  4390 | D:6      | Reached skill level 5 in Throwing
  4581 | D:6      | HP: 3/63 [poisoned by a scorpion]
  4582 | D:6      | Succumbed to a scorpion's poison

Illustrated notes

Levels and vault maps discovered:
D:1:      dpeg_arrival_tiny_f, layout_loops_ring,
          shapermc_ecumenical_altar_acropolis, kennysheep_small_spiral
D:2:      layout_rooms, serial_rivers, chequers_serial_rivers_room_a,
          chequers_serial_rivers_micro_b, chequers_serial_rivers_micro_b,
          chequers_serial_rivers_room_a, chequers_serial_rivers_micro_d,
          chequers_serial_rivers_micro_e, minmay_misc_feat_more_columns
D:3:      layout_basic, jmf_multi_god_temple,
          nicolae_gozag_cash_rules_everything_around_me
D:4:      layout_cave_pools, serial_co_window_serial, co_window_paths_a,
          co_window_paths_a, co_window_corner_a, co_window_of_opportunity_a,
          co_window_paths_a, co_window_of_opportunity_a, co_window_paths_a,
          co_window_corner_cb, co_window_of_opportunity_c, co_window_corner_b,
          co_window_corner_b, co_window_4corner_b, glass_columns_b,
          glass_columns_a, glass_columns_c, glass_columns_b, uniq_grinder
D:5:      layout_basic, nicolae_uskayaw_murder_on_the_dancefloor,
          serial_bayou_ford_a, doesnt_shop_hydraphobe
D:6:      layout_cave_pools, okawaru_ov_weapons_minmay,
          nzn_hepliaklqana_mist_gate, serial_gnoll_camp, gnoll_camp_mini_shop,
          gnoll_camp_mini_doghouse, gnoll_camp_mini_sergeant,
          gnoll_camp_mini_house, gnoll_camp_medium_01, gnoll_camp_mini_hut,
          hangedman_decor_points

Skill      XL: |  1  2  3  4  5  6  7 |
---------------+----------------------+-----
Maces & Flails | 3 4 5 6 7 |  7.3
Throwing       | 1 3 4 5 |  5.3
Fighting       | 4 5 6 |  6.0
Armour         | |  3.6
Shields        | |  3.6

Action                   |  1- 3 |  4- 6 |  7- 9 || total
-------------------------+-------+-------+-------++-------
Melee: Flail             |    61 |    47 |    45 ||   153
       Headbutt          |    11 |     6 |     8 ||    25
Evoke: Wand              |       |    12 |     5 ||    17
  Use: Potion            |       |       |     1 ||     1
Armor: Scale mail        |    24 |    26 |    15 ||    65
Dodge: Dodged            |    19 |    26 |    17 ||    62
Block: Buckler           |     5 |     6 |    13 ||    24
